 Dungeon Crawl Stone Soup version 0.24.0-7-gb3623d2c88 (webtiles) character file.

Game seed: 3511992333927700749, levelgen mode: deterministic

65 Edwards80 the Vandal (level 4, -4/29 HPs)
             Began as a Halfling Hunter on Nov 2, 2019.
             Slain by a gnoll
             ... wielding a +0 spear
              (10 damage)
             ... on level 2 of the Dungeon.
             The game lasted 00:04:42 (846 turns).

Edwards80 the Vandal (Halfling Hunter)               Turns: 846, Time: 00:04:43

Health: -4/29      AC:  3    Str: 13    XL:     4   Next: 35%
Magic:  4/4        EV: 14    Int:  9    God:
Gold:   41         SH:  0    Dex: 15    Spells: 3/3 levels left

rFire    . . .     SeeInvis .   a - +1 hunting sling
rCold    . . .     Gourm    .   (shield restricted)
rNeg     . . .     Faith    .   c - +0 leather armour
rPois    .         Spirit   .   (no helmet)
rElec    .         Reflect  .   (no cloak)
rCorr    .         Harm     .   (no gloves)
MR       .....                  (no boots)
Stlth    ++........             (no amulet)
HPRegen  0.09/turn              (no ring)
MPRegen  0.09/turn              (no ring)

@: no status effects
A: small, mutation resistance 1
a: no special abilities


You were on level 2 of the Dungeon.
You were not hungry.

You visited 1 branch of the dungeon, and saw 2 of its levels.

You collected 41 gold pieces.

Inventory:

Hand Weapons
 a - a +1 hunting sling (weapon)
 b - a +0 short sword
Missiles
 g - 52 stones (quivered)
Armour
 c - a +0 leather armour (worn)
Jewellery
 l - a +2 ring of dexterity {unknown}
Scrolls
 i - a scroll of teleportation
 k - a scroll of remove curse {unknown}
Potions
 j - a potion of agility {unknown}
Comestibles
 f - 3 rations


   Skills:
 - Level 1.7 Fighting
 + Level 7.8 Slings
 + Level 0.9 Armour
 - Level 2.1 Dodging
 + Level 1.3 Stealth


You had 3 spell levels left.
You didn't know any spells.
Your spell library was empty.

Dungeon Overview and Level Annotations

Branches:
Dungeon (2/15)

Altars:


Innate Abilities, Weirdness & Mutations

You are small and have problems with some larger weapons.
You are somewhat resistant to further mutation.


Message History

Press: ? - help, Shift-Dir - straight line, f/p - gnoll
Aim: a gnoll, wielding a +0 spear (almost dead)
You shoot a sling bullet. The sling bullet hits the gnoll!
The gnoll is heavily wounded.
The gnoll barely misses you. The gnoll hits you with a +0 flail!
* * * LOW HITPOINT WARNING * * *
You are too injured to fight recklessly!
The gnoll closely misses you.
The gnoll hits you from afar with a +0 spear.
* * * LOW HITPOINT WARNING * * *
Drop what? 9/52 slots (_ for help) (? for menu, Esc to quit)
Okay, then.
Firing (i - inventory)
g - 53 stones (quivered)
Press: ? - help, Shift-Dir - straight line, f/p - gnoll
Aim: a gnoll, wielding a +0 flail (heavily wounded)
You shoot a stone. The stone hits the gnoll.
The gnoll is severely wounded.
The gnoll barely misses you.
The gnoll hits you from afar with a +0 spear!
You die...

############
...........# #########
##########.#####@.......
# #..<.....g#######
########.######.g##....#
#......†.....##...)(..(#
#.######.###.##.###....#
#.#.............. .....
#.##.###..#...#.# ####
#.##.# #..#...#.# #.##.#
#>........


You could see 2 gnolls.

Vanquished Creatures
  2 gnolls (D:2)
  An adder (D:2)
  2 oozes (D:1)
  2 dart slugs (D:1)
  3 ball pythons
  2 giant cockroaches (D:1)
  5 goblins (D:1)
  2 hobgoblins (D:1)
  2 bats (D:1)
  3 kobolds (D:1)
  4 rats (D:1)
28 creatures vanquished.

Notes
Turn   | Place    | Note
-------+----------+-------------------------------------------
     0 | D:1      | Edwards80 the Halfling Hunter began the quest for the Orb.
     0 | D:1      | Reached XP level 1. HP: 14/14 MP: 1/1
    59 | D:1      | Reached skill level 6 in Slings
    88 | D:1      | Reached XP level 2. HP: 19/19 MP: 2/2
   345 | D:1      | Reached skill level 7 in Slings
   345 | D:1      | Reached XP level 3. HP: 24/24 MP: 3/3
   828 | D:2      | Reached XP level 4. HP: 29/29 MP: 4/4
   846 | D:2      | Slain by a gnoll

Levels and vault maps discovered:
D:1:      psy_arrival_statuary, layout_loops_ring, minmay_strange_pillars,
          st_stairs_8, item_on_display_a
D:2:      layout_basic, hex_large, kennysheep_big_empty_room, uniq_terence,
          uniq_sigmund

Skill      XL: |  1  2 |
---------------+-------+-----
Slings         | 6 7 |  7.8
Fighting       | |  1.7
Armour         | |  0.9
Dodging        | |  2.1
Stealth        | |  1.3

Action                   |  1- 3 |  4- 6 || total
-------------------------+-------+-------++-------
 Fire: Hunting sling     |    56 |    13 ||    69
  Use: Scroll            |     2 |       ||     2
Armor: Leather armour    |     1 |       ||     1
Dodge: Dodged            |     7 |     8 ||    15
